 Dungeon Crawl Stone Soup version 0.29-a0-39-g581ba40fa7 (webtiles) character file.

Game seed: 10408285257742930733

11158 Destapler the Fighter (level 11, -6/99 (101) HPs)
             Began as a Minotaur Gladiator on Feb 1, 2022.
             Was an Elder of Wu Jian.
             Mangled by a centaur warrior (18 damage)
             ... on level 10 of the Dungeon.
             The game lasted 00:35:46 (10637 turns).

Destapler the Fighter (Minotaur Gladiator)         Turns: 10637, Time: 00:35:47

HP:   -6/99 (101)   AC:  9    Str: 22    XL:     11   Next: 45%
MP:   10/10         EV: 18    Int:  5    God:    Wu Jian [****..]
Gold: 465           SH:  6    Dex: 13    Spells: 10/10 levels left

rFire   + . .      SeeInvis .   a - +2 war axe (vorpal)
rCold   . . .      Faith    .   h - +0 buckler
rNeg    . . .      Spirit   .   E - +0 steam dragon scales
rPois   .          Reflect  .   c - +0 hat
rElec   .          Harm     .   m - +0 cloak
rCorr   .          Rampage  .   (no gloves)
Will    .....                   p - +0 pair of boots
Stlth   ++........              (no amulet)
HPRegen 0.26/turn               b - +4 ring of evasion
MPRegen 0.12/turn               s - ring of protection from fire

@: lightly drained
A: horns 2, retaliatory headbutt
a: Renounce Religion, Wall Jump, Serpent's Lash


You were on level 10 of the Dungeon.
You worshipped Wu Jian.
Wu Jian was greatly pleased with you.
You visited 1 branch of the dungeon, and saw 10 of its levels.

You collected 531 gold pieces.
You spent 66 gold pieces at shops.

Inventory:

Hand Weapons
 a - a +2 vorpal war axe (weapon)
 G - the +4 spear of Superiority {speed, Dex+4}
   (You found it on level 9 of the Dungeon)

   Attacks with this weapon are significantly faster.
   Dex:       It affects your dexterity (+4).
Missiles
 e - 5 boomerangs
 g - 21 poisoned darts
Armour
 c - a +0 hat (worn)
 h - a +0 buckler (worn)
 m - a +0 cloak (worn)
 p - a +0 pair of boots (worn)
 t - a +0 ring mail
 E - +0 steam dragon scales (worn)
 F - a scarf of repulsion
Jewellery
 b - a +4 ring of evasion (left hand)
 s - a ring of protection from fire (right hand)
 D - a ring of resist corrosion
Wands
 r - a wand of flame (19)
 v - a wand of acid (5)
 A - a wand of iceblast (4)
 I - a wand of paralysis (3) (quivered)
Scrolls
 f - 10 scrolls of identify
 i - 2 scrolls of teleportation {unknown}
 j - 2 scrolls of fog
 k - 2 scrolls of blinking
 l - a scroll of vulnerability {unknown}
 o - 2 scrolls of noise {unknown}
 q - a scroll of brand weapon {unknown}
 u - 2 scrolls of enchant weapon
 y - a scroll of amnesia {unknown}
 B - 2 scrolls of magic mapping
 C - a scroll of enchant armour {unknown}
Potions
 d - a potion of flight {unknown}
 n - a potion of heal wounds
 w - 2 potions of brilliance
 x - 2 potions of curing
 z - a potion of attraction


   Skills:
 * Level 10.8 Fighting
 * Level 10.8(11.0) Axes
 + Level 2.6(7.4) Polearms
 + Level 6.5 Throwing
 + Level 7.6 Armour
 + Level 6.5 Dodging
 - Level 3.0 Stealth
 + Level 7.6 Shields
 + Level 3.7 Evocations


You had 10 spell levels left.
You didn't know any spells.
Your spell library contained the following spells:

 Spells                   Type           Power      Damage    Failure   Level
 Magic Dart               Conj           0%         1d3       54%         1
 Call Imp                 Summ           0%         N/A       69%         2
 Corpse Rot               Necr/Air       0%         N/A       69%         2
 Poisonous Vapours        Pois/Air       0%         N/A       69%         2
 Mephitic Cloud           Conj/Pois/Air  0%         N/A       89%         3
 Ozocubu's Armour         Ice            0%         N/A       89%         3
 Alistair's Intoxication  Tmut/Pois      0%         N/A       100%        5
 Borgnjor's Vile Clutch   Necr/Erth      0%         N/A       100%        5
 Eringya's Noxious Bog    Tmut/Pois      0%         N/A       100%        6
 Ozocubu's Refrigeration  Ice            0%         4d5       100%        7


Dungeon Overview and Level Annotations

Branches:
Dungeon (10/15)            Temple (0/1) D:7            Lair (0/6) D:9
    Orc: D:9-12

Altars:
Ashenzari
Dithmenos
Fedhas
Gozag
Hepliaklqana
Kikubaaqudgha
Qazlal
Ru
Sif Muna
Wu Jian
Yredelemnul
The Shining One

Shops:
D:7 ?   D:8 [

Annotations:
D:8 1 runed translucent door, anet's ghost, novice HOCj


Innate Abilities, Weirdness & Mutations

You have a pair of horns on your head.
You reflexively headbutt those who attack you in melee.


Message History

The centaur warrior kicks you but does no damage.
Aiming: Paralyse
Press: ? - help, Q - select action, (/) - cycle Shift-Dir - straight line, f/p - centaur warrior
Aim: a centaur warrior, quivering arrows (heavily wounded, berserk, chance to affect: 41%)
The centaur warrior resists with some effort.
The centaur warrior hits you!
* * * LOW HITPOINT WARNING * * *
The centaur warrior kicks you but does no damage.
The centaur warrior misses you. You furiously retaliate!
You headbutt the centaur warrior.
The centaur warrior kicks you but does no damage.
The centaur warrior hits you.
* * * LOW HITPOINT WARNING * * *
You block the centaur warrior's attack. The centaur warrior barely misses you.
The centaur warrior kicks you but does no damage.
The centaur warrior hits you.
* * * LOW HITPOINT WARNING * * *
The centaur warrior closely misses you.
The centaur warrior hits you but does no damage.
The centaur warrior misses you. The centaur warrior hits you.
* * * LOW HITPOINT WARNING * * *
The centaur warrior kicks you but does no damage.
You see here a poisoned dart.
The centaur warrior completely misses you.
You block the centaur warrior's attack. The centaur warrior hits you.
* * * LOW HITPOINT WARNING * * *
The centaur warrior kicks you.
* * * LOW HITPOINT WARNING * * *
You block the centaur warrior's attack.
The centaur warrior kicks you but does no damage.
The centaur warrior completely misses you.
The centaur warrior misses you. The centaur warrior hits you!
* * * LOW HITPOINT WARNING * * *
The centaur warrior misses you. The centaur warrior hits you!!
You die...

....
#.≈...)......#.#......#.#..'
....
#......(.....#.#.###....#..#
...
#......#(....#.#........#..#
#........(...###........##.#
###+######.....#######...###
#.###.# #...# # #.# #...#
#c###.#... #.#.# #.@...'..#
#...# #######..# ##### # .
###### #..... #.#### #.....


You could see a centaur warrior (berserk).

Vanquished Creatures
  Josephine (D:10)
  A two-headed ogre (D:9)
  Urug (D:9)
  Nergalle (D:10)
  A deep elf pyromancer (D:7)
  An ugly thing (D:9)
  Maurice (D:9)
  A gargoyle (D:9)
  Maggie (D:8)
  A kobold demonologist (D:8)
  A meliai (shapeshifter) (D:9)
  3 trolls (D:9)
  A hornet (D:9)
  A slime creature (D:9)
  Sigmund (D:2)
  4 wraiths (D:10)
  2 steam dragons
  Grum (D:8)
  A wyvern (D:10)
  Menkaure (D:6)
  A water moccasin (D:5)
  An orc warrior (D:9)
  An ice beast (D:8)
  A hornet zombie (D:6)
  2 sky beasts
  An ogre (D:5)
  4 wolves (D:8)
  8 centaurs
  4 phantoms
  4 bullfrogs
  3 kobold brigands (D:9)
  Blork the orc (D:6)
  A scorpion (D:4)
  9 killer bees
  A wight (D:8)
  A howler monkey (D:9)
  A crimson imp (D:4)
  9 centaur zombies
  2 bullfrog zombies (D:7)
  A gnoll shaman (D:9)
  2 hounds
  3 orc priests
  2 jellies (D:6)
  An iguana (D:5)
  9 orc wizards
  4 killer bee zombies
  3 howler monkey zombies
  10 gnolls
  5 adders
  A howler monkey skeleton (D:7)
  3 ufetubi
  An adder zombie (D:3)
  3 worms
  31 orcs
  8 ball pythons
  6 endoplasms
  3 giant cockroaches
  9 hobgoblins
  2 jackals (D:2)
  6 quokkas
  5 bats
  7 frilled lizards
  9 goblins
  A goblin zombie (D:4)
  3 hobgoblin zombies (D:4)
  7 kobolds
  A kobold skeleton (D:4)
  A kobold zombie (D:4)
  An orc skeleton (D:4)
  7 rats
236 creatures vanquished.

Vanquished Creatures (others)
  3 fungi
  9 plants
  5 withered plants (D:3)
17 creatures vanquished.

Grand Total: 253 creatures vanquished

Notes
Turn   | Place    | Note
-------+----------+-------------------------------------------
     0 | D:1      | Destapler the Minotaur Gladiator began the quest for the
                  | Orb.
     0 | D:1      | Reached XP level 1. HP: 18/18 MP: 0/0
   286 | D:1      | Reached XP level 2. HP: 18/25 MP: 1/1
   632 | D:1      | Reached XP level 3. HP: 30/30 MP: 2/2
   741 | D:2      | Noticed Sigmund
   752 | D:2      | Killed Sigmund
   753 | D:2      | Reached skill level 1 in Stealth
   753 | D:2      | Reached XP level 4. HP: 30/40 MP: 3/3
   753 | D:2      | Reached XP level 5. HP: 35/46 MP: 4/4
  1394 | D:3      | Found a blossoming altar of Fedhas.
  1395 | D:3      | Found an ancient bone altar of Kikubaaqudgha.
  1559 | D:3      | Reached XP level 6. HP: 42/52 MP: 5/5
  1718 | D:3      | Noticed a sky beast
  1731 | D:3      | Killed a sky beast
  2161 | D:3      | Found an ornate altar of the Wu Jian Council.
  2173 | D:3      | Became a worshipper of the Wu Jian Council
  2236 | D:3      | Found a faded altar of an unknown god.
  2572 | D:4      | Found a shimmering blue altar of Sif Muna.
  2597 | D:4      | Found a glowing golden altar of the Shining One.
  2615 | D:4      | Reached * piety under Wu Jian
  2938 | D:5      | Entered Level 5 of the Dungeon
  2955 | D:5      | Reached XP level 7. HP: 60/60 MP: 6/6
  3099 | D:5      | Reached skill level 5 in Fighting
  3099 | D:5      | Reached skill level 5 in Axes
  3456 | D:5      | Reached XP level 8. HP: 68/70 MP: 7/7
  3472 | D:5      | Found an opulent altar of Gozag.
  3594 | D:6      | Noticed Blork the orc
  3604 | D:6      | Killed Blork the orc
  3684 | D:6      | Reached ** piety under Wu Jian
  3689 | D:6      | Noticed Menkaure
  3699 | D:6      | Killed Menkaure
  3700 | D:6      | Reached skill level 1 in Evocations
  4900 | D:7      | Reached skill level 5 in Armour
  4932 | D:7      | Found a basalt altar of Yredelemnul.
  4943 | D:7      | Reached XP level 9. HP: 78/78 MP: 8/8
  4955 | D:7      | Reached skill level 5 in Shields
  5027 | D:7      | Found Sarufor's Magic Scroll Shop.
  5030 | D:7      | Bought a scroll of identify for 24 gold pieces
  5030 | D:7      | Bought a scroll of magic mapping for 42 gold pieces
  5070 | D:7      | Found a sacrificial altar of Ru.
  5070 | D:7      | Found a stormy altar of Qazlal.
  5072 | D:7      | Found a broken altar of Ashenzari.
  5170 | D:7      | Noticed a deep elf pyromancer
  5180 | D:7      | Killed a deep elf pyromancer
  5181 | D:7      | Reached skill level 5 in Dodging
  5315 | D:7      | Found a hazy altar of Hepliaklqana.
  5323 | D:7      | Reached skill level 5 in Throwing
  5630 | D:7      | Found a staircase to the Ecumenical Temple.
  5764 | D:8      | Noticed Maggie
  5774 | D:8      | Killed Maggie
  6366 | D:8      | Reached *** piety under Wu Jian
  6388 | D:8      | Noticed Grum
  6402 | D:8      | Killed Grum
  6616 | D:8      | Found a runed translucent door.
  6619 | D:8      | Noticed a polar bear
  6619 | D:8      | Noticed anet's ghost (novice HOCj)
  6623 | D:8      | Identified the +6 trident of the Nightmares {vorpal, rC+
                  | Dex+4}
  6755 | D:8      | Found Vishabakagh's Dragon-Slaying Spoils.
  6924 | D:8      | Reached XP level 10. HP: 83/90 MP: 9/9
  7506 | D:9      | Noticed a gargoyle
  7525 | D:9      | Killed a gargoyle
  7880 | D:9      | Found a staircase to the Lair.
  7959 | D:9      | Identified the +4 spear of Superiority {speed, Dex+4}
  8094 | D:9      | Noticed a two-headed ogre
  8096 | D:9      | Noticed a green ugly thing
  8504 | D:9      | Noticed Maurice
  8538 | D:9      | Killed Maurice
  8883 | D:9      | Killed a green ugly thing
  8883 | D:9      | Reached **** piety under Wu Jian
  8884 | D:9      | Reached skill level 10 in Fighting
  8884 | D:9      | Reached skill level 10 in Axes
  9030 | D:9      | Reached skill level 1 in Polearms
  9394 | D:9      | Reached XP level 11. HP: 95/100 MP: 10/10
  9446 | D:9      | Found a shadowy altar of Dithmenos.
  9490 | D:9      | Killed a two-headed ogre
  9667 | D:10     | Entered Level 10 of the Dungeon
  9848 | D:10     | Noticed Urug
  9882 | D:9      | Killed Urug
 10172 | D:10     | Noticed Josephine
 10214 | D:10     | Killed Josephine
 10586 | D:10     | Noticed Nergalle
 10601 | D:10     | Killed Nergalle
 10615 | D:10     | Noticed a centaur warrior
 10637 | D:10     | Mangled by a centaur warrior

Illustrated notes

Levels and vault maps discovered:
D:1:      roderic_chinese_lattice_arrival, layout_rooms
D:2:      layout_rooms, minivault_4, uniq_sigmund
D:3:      layout_basic, grunt_temple_overflow_growth_and_decay,
          nicolae_wu_jian_wuxing_cycle, shapermc_ecumenical_altar_mp_vishouse,
          hangedman_glass_teeth
D:4:      layout_cave_pools, nicolae_tso_besieged_by_evil, marbit_many_paths
D:5:      layout_rooms, mainiacjoe_overflow_tiny_flanked, small_statue_alley_b
D:6:      layout_gridville, uniq_menkaure, uniq_blork_the_orc
D:7:      layout_loops_ring, nicolae_yredelemnul_corpse_copse,
          lemuel_crystal_altar, grunt_temple_overflow_open,
          minmay_temple_entry_nine_rooms, serial_shops, kennysheep_mini_moat,
          guppyfry_early_elven_hall
D:8:      layout_rooms, ebering_ghost_funeral_grove, supply_closet_lemuel,
          nicolae_shop_dragon_depot, centaur_isle, uniq_maggie, uniq_grum
D:9:      minmay_bloctagon, layout_irregular_city,
          lemuel_coloured_pillars_altar, dpeg_oklobed_lair, uniq_maurice
D:10:     layout_stronghold, mainiacjoe_overflow_24_doors, serial_rivers,
          chequers_serial_rivers_room_a, chequers_serial_rivers_micro_c,
          chequers_serial_rivers_small_3, chequers_serial_rivers_room_a,
          chequers_serial_rivers_small_b, chequers_serial_rivers_small_a,
          uniq_josephine, uniq_urug, uniq_nergalle

Skill      XL: |  1  2  3  4  5  6  7  8  9 10 11 |
---------------+----------------------------------+-----
Fighting       | 3 4 6 8 10 | 10.8
Axes           | 4 6 8 10 | 10.8
Throwing       | 3 4 6 |  6.5
Armour         | 2 3 4 5 6 7 |  7.6
Stealth        | 1 2 3 |  3.0
Shields        | 2 3 4 6 7 |  7.6
Dodging        | 4 5 6 |  6.5
Evocations     | 2 3 |  3.7
Polearms       | 1 2 |  2.6

Action                   |  1- 3 |  4- 6 |  7- 9 | 10-12 || total
-------------------------+-------+-------+-------+-------++-------
Melee: War axe           |    41 |   137 |   224 |   219 ||   621
       Headbutt          |     7 |    24 |    44 |    44 ||   119
Throw: Dart              |    13 |     2 |       |    24 ||    39
       Throwing net      |     2 |       |       |     3 ||     5
       Boomerang         |       |       |    16 |    22 ||    38
Invok: Lunge             |       |     5 |    15 |    13 ||    33
       Whirlwind         |       |       |     5 |     2 ||     7
Evoke: Wand              |       |       |       |     2 ||     2
  Use: Scroll            |     3 |       |     3 |     1 ||     7
       Potion            |       |     3 |       |     2 ||     5
 Stab: Sleeping          |       |     5 |     1 |     1 ||     7
       Held in net/web   |       |       |       |     2 ||     2
Armor: Leather armour    |     4 |    16 |       |       ||    20
       Ring mail         |       |     5 |    79 |    43 ||   127
       Steam dragon scal |       |       |       |    14 ||    14
Dodge: Dodged            |    28 |    72 |   218 |   185 ||   503
Block: Buckler           |     2 |    29 |    78 |    69 ||   178

Table legend: (Time is in decaauts)
 A = Elapsed time spent in this place.
 B = Non-inter-level travel time spent in this place.
 C = Inter-level travel time spent in this place.
 D = Time resting spent in this place.
 E = Time spent auto-exploring this place.
 F = Levels seen in this place.
 G = Mean time per level.
                   A        B        C        D        E       F      G
               +--------+--------+--------+--------+--------+-----+--------+
         Total |  10759 |  10462 |    297 |   1829 |   6524 |  10 | 1075.9 |
       Dungeon |  10759 |  10462 |    297 |   1829 |   6524 |  10 | 1075.9 |
               +--------+--------+--------+--------+--------+-----+--------+

Top non-repeatable levels by time:
     D:9: 1973 daAuts
     D:8: 1800 daAuts
     D:6: 1337 daAuts
     D:7: 1104 daAuts
    D:10: 968 daAuts
     D:3: 948 daAuts
     D:1: 738 daAuts
     D:2: 653 daAuts
     D:4: 652 daAuts
     D:5: 582 daAuts
